Map: Crimson Court LE

Players

Highdra

  • Race: Protoss Protoss
  • Spawn Location: 7:00

VITRyung (Ryung) - Winner!

  • Race: Terran Terran
  • Spawn Location: 1:00

Event: HomeStory Cup XXV

VOD

Have the link to the VOD?

Description

Time

  • Played on: June 21, 2024, 6:43 a.m.
  • Length: 8:57

All games in this series

Show
View Real Time Build Order
Export as new Build Order

Highdra Protoss 

Build Orders: 1 Gate Expand, Colossus Rush 

Get SALT Encoding   

  12  0:00  Probe  
  13  0:12  Probe  
  14  0:18  Pylon  
  14  0:24  Probe (Chrono Boost)  
  15  0:36  Gateway  
  15  0:38  Probe (Chrono Boost)  
  16  0:44  Probe (Chrono Boost)  
  16  0:46  Assimilator  
  17  0:52  Probe  
  18  1:04  Probe  
  19  1:16  Probe  
  20  1:24  Cybernetics Core  
  20  1:33  Nexus  
  20  1:34  Probe  
  21  1:41  Pylon  
  21  1:46  Probe  
  22  1:50  Assimilator  
  22  1:58  Probe  
  22  1:59  Adept (Chrono Boost)  
  23  2:02  Warp Gate  
  24  2:11  Probe  
  25  2:19  Adept (Chrono Boost)  
  27  2:23  Probe  
  28  2:35  Probe  
  28  2:36  Shield Battery  
  29  2:41  Stalker  
  31  2:45  Robotics Facility  
  31  2:47  Probe  
  31  2:48  Probe  
  33  2:59  Probe  
  33  3:00  Probe  
  35  3:11  Gateway, Probe  
  35  3:12  Probe  
  37  3:19  Assimilator  
  37  3:22  Assimilator  
  37  3:23  Probe  
  37  3:24  Probe  
  39  3:32  Observer (Chrono Boost)  
  40  3:35  Robotics Bay, Probe  
  40  3:36  Probe  
  42  3:46  Observer (Chrono Boost)  
  42  3:47  Probe  
  44  3:48  Probe  
  44  3:52  Pylon  
  45  3:59  Probe  
  45  4:01  Pylon  
  46  4:09  Pylon  
  46  4:10  Probe  
  46  4:12  Stalker x2, Probe  
  52  4:19  Immortal  
  56  4:29  Probe  
  56  4:30  Probe  
  53  4:41  Stalker  
  53  4:45  Extended Thermal Lance  
  55  4:47  Probe x2  
  57  4:59  Probe x2  
  59  5:03  Colossus (Chrono Boost)  
  64  5:11  Pylon  
  64  5:12  Observer, Sentry  
  66  5:25  Forge x2  
  66  5:36  Nexus  
  66  5:41  Shield Battery  
  66  5:42  Probe x2  
  68  5:51  Colossus  
  68  5:54  Probe  
  68  5:55  Probe  
  76  5:57  Observer  
  76  6:02  Protoss Ground Weapons Level 1  
  76  6:03  Protoss Ground Armor Level 1  
  76  6:06  Probe  
  76  6:07  Pylon  
  76  6:11  Pylon  
  77  6:17  Pylon  
  77  6:23  Gateway  
  77  6:27  Gateway  
  77  6:28  Gateway  
  77  6:36  Zealot x2  
  81  6:44  Colossus  
  87  6:53  Twilight Council  
  87  6:54  Gateway  
  87  6:59  Gateway  
  86  7:02  Probe x3  
  86  7:06  Gateway  
  89  7:14  Zealot x2  
  91  7:27  Pylon  
  91  7:29  Zealot x3  
  95  7:38  Zealot  
  95  7:39  Zealot  
  95  7:44  Colossus  
  87  7:51  Stalker, Zealot  
  87  7:52  Zealot x2  
  87  7:56  Probe x2  
  97  8:03  Zealot x4  
  95  8:12  Zealot, Stalker x2  
  88  8:23  Stalker  
  88  8:25  Zealot x2  
  88  8:26  Zealot  
  84  8:38  Zealot x3  
Show
View Real Time Build Order
Export as new Build Order

VITRyung Terran - Winner!

Build Orders: Cyclone Opening 

Get SALT Encoding   

  12  0:00  SCV  
  13  0:12  SCV  
  14  0:17  Supply Depot  
  14  0:24  SCV  
  15  0:38  SCV  
  15  0:40  Barracks  
  16  0:44  Refinery  
  16  0:50  SCV  
  16  0:52  Refinery  
  17  1:03  SCV  
  18  1:15  SCV  
  19  1:19  Supply Depot  
  19  1:26  Reaper  
  19  1:27  Orbital Command  
  20  1:42  Factory  
  20  1:52  SCV  
  21  2:05  SCV, Barracks Reactor  
  22  2:17  SCV  
  22  2:22  Command Center  
  23  2:25  Cyclone  
  23  2:29  SCV  
  26  2:42  SCV  
  27  2:45  Starport  
  27  2:46  Supply Depot  
  27  2:49  Marine  
  29  2:54  SCV  
  29  2:58  Widow Mine  
  31  3:07  SCV, Marine x2  
  34  3:19  SCV, Widow Mine  
  37  3:22  Medivac  
  39  3:34  Orbital Command, SCV, Marine x2  
  42  3:42  Factory Tech Lab  
  42  3:46  SCV  
  43  3:51  Marine x2  
  43  3:52  Starport Tech Lab  
  43  3:55  Barracks  
  45  4:00  SCV  
  45  4:01  Supply Depot, SCV  
  50  4:02  Siege Tank  
  50  4:11  Raven  
  50  4:12  SCV  
  50  4:13  SCV  
  54  4:17  Supply Depot, Interference Matrix  
  54  4:21  Refinery  
  54  4:24  SCV  
  54  4:25  SCV  
  56  4:36  SCV  
  56  4:37  SCV  
  58  4:39  Siege Tank  
  58  4:44  Supply Depot  
  61  4:48  SCV  
  61  4:49  SCV  
  61  4:58  Refinery, Barracks  
  61  5:00  Raven, SCV  
  61  5:01  SCV, Marine x2  
  61  5:05  Supply Depot  
  61  5:06  Engineering Bay  
  67  5:12  SCV  
  67  5:13  SCV  
  69  5:16  Engineering Bay  
  69  5:21  Stimpack  
  69  5:24  SCV  
  69  5:25  SCV  
  69  5:26  Supply Depot  
  69  5:28  Marine x3  
  71  5:29  Supply Depot  
  71  5:33  Factory Reactor  
  74  5:38  SCV x2  
  74  5:42  Supply Depot, Starport Reactor  
  76  5:44  Siege Tank  
  76  5:47  Terran Infantry Weapons Level 1  
  79  5:52  Barracks Tech Lab, Marine x3  
  84  6:02  Command Center  
  82  6:06  Supply Depot, SCV  
  82  6:07  SCV  
  82  6:09  Combat Shield  
  82  6:11  Marauder  
  86  6:12  Marauder  
  86  6:13  Marine  
  86  6:14  Marine  
  90  6:21  Medivac x2  
  94  6:27  Siege Tank  
  94  6:29  Supply Depot  
  97  6:33  Marine, Marauder x2  
  97  6:34  Marine  
  97  6:37  SCV x2  
  105  6:50  SCV x2  
  105  6:53  Barracks x2, Medivac  
  109  6:55  Medivac  
  109  6:59  Marauder  
  109  7:01  Concussive Shells, Marauder  
  115  7:02  Marine x2  
  117  7:11  Siege Tank  
  120  7:18  SCV x2  
  121  7:25  Marine x2, Marauder  
  121  7:26  Marauder  
  118  7:45  Marine x2  
  118  7:46  Barracks Tech Lab  
  118  7:47  Marauder x2, Barracks Reactor  
  121  7:53  Siege Tank  
  121  7:55  SCV x2  
  121  8:07  Orbital Command, SCV, Marine x2  
  121  8:08  Marauder x3  
  125  8:14  SCV  
  125  8:19  SCV  
  125  8:24  Viking x2  
  125  8:25  Marine x2  
  129  8:27  Marine x2  
  129  8:29  Marauder  
  129  8:30  Ghost Academy, Marauder x2  
  129  8:32  Supply Depot  
  129  8:33  Supply Depot, SCV x3  
  137  8:43  Supply Depot  
Tags
 
Add a new tag
Caveats
  • Supply blocks, unpowered buildings, or Contaminate may cause inaccurate times.
  • Supply counts are checked every 10 seconds.